[Event "Candidates Tournament"]
[Site "Khanty-Mansiysk"]
[Date "2014.03.19"]
[Round "6"]
[White "Anand, Viswanathan"]
[Black "Karjakin, Sergey"]
[Result "1/2-1/2"]
[ECO "C67"]
[WhiteElo "2770"]
[BlackElo "2766"]
[Annotator "ChessBase Website"]
[PlyCount "66"]
[EventDate "2014.03.13"]
[EventType "tourn"]
[EventRounds "14"]
[EventCountry "RUS"]
[EventCategory "21"]
[SourceTitle "CBM 160"]
[Source "ChessBase"]
[SourceDate "2014.05.15"]
[SourceVersion "1"]
[SourceVersionDate "2014.05.15"]
[SourceQuality "1"]
[TimeControl "40/7200:20/3600:900+30"]
[WhiteClock "0:51:11"]
[BlackClock "0:23:17"]

1. e4 e5 2. Nf3 Nc6 3. Bb5 Nf6 4. O-O Nxe4 5. d4 Nd6 6.
Bxc6 dxc6 7. dxe5 Nf5 8. Qxd8+ Kxd8 9. h3 Ke8 10. Nc3 h5 11.
Bf4 (11. Ne2 Be7 12. Re1 Be6 13. Ned4 Nxd4 14. Nxd4 Bc8 15.
Bf4 c5 16. Nb5 Bd8 17. e6 Bxe6 18. Rad1 Ke7 19. Nxc7 Bxc7 20. Bxc7 Rac8 21.
Bd6+ {1/2-1/2 (21) Fressinet,L (2710)-Giri,A (2749) Germany 2014}) 11... Be7 12. Rad1 Be6 13. Ng5 Rh6 14. Rfe1 Bb4 15. g4 {[%emt 0:00:24] Anand prepared a long variation against the Berlin
endgame, but Karjakin responded in the most logical and ultra-solid way. The
Indian player was unable to prove any kind of advantage and the players agreed
to a draw in a position that already seemed completely locked up by Black's
passive but untouchable pieces.} hxg4 16. hxg4 Ne7 17. Nxe6 Rxe6 18. Kg2 Bxc3 19. bxc3 Rd8 20. Rxd8+ $146 (20. Rb1 b5 21. Kg3 Rd5 22. c4 Rc5 23.
Re4 a6 24. Rb3 Ng6 25. Ra3 f6 26. Rxa6 Nxf4 27. Kxf4 Rexe5 28. Rxe5+ fxe5+ 29.
Kf5 Kf7 30. Ra7 g6+ 31. Kg5 e4+ 32. Kh6 Rxc4 33. Rxc7+ Ke6 34. g5 Rxc2 35. Kxg6
Rxf2 36. Rxc6+ Kd5 37. Rb6 Kc5 38. Re6 Kd4 39. Rd6+ Kc5 40. Re6 Kd4 41. Rd6+
Kc5 42. Re6 {1/2-1/2 (42) Karjakin,S (2786)-Grischuk,A (2764) Moscow 2013})
20... Kxd8 21. Rh1 Nd5 22.
Bg3 g5 23. c4 Nc3 24. Kf3 Rg6 25. a3 Na4 26. Ke4 Nc5+ 27. Kf5 Ne6 28. Rh8+ Kd7 29. c3 Ng7+ 30. Ke4 Ne6 31. f3 c5 32. Bf2 a6 33. Be3 b6 1/2-1/2

[Event "Candidates Tournament"]
[Site "Khanty-Mansiysk"]
[Date "2014.03.22"]
[Round "8"]
[White "Aronian, Levon"]
[Black "Anand, Viswanathan"]
[Result "1/2-1/2"]
[ECO "A11"]
[WhiteElo "2830"]
[BlackElo "2770"]
[Annotator "ChessBase Website"]
[PlyCount "37"]
[EventDate "2014.03.13"]
[EventType "tourn"]
[EventRounds "14"]
[EventCountry "RUS"]
[EventCategory "21"]
[SourceTitle "CBM 160"]
[Source "ChessBase"]
[SourceDate "2014.05.15"]
[SourceVersion "1"]
[SourceVersionDate "2014.05.15"]
[SourceQuality "1"]
[TimeControl "40/7200:20/3600:900+30"]
[WhiteClock "0:59:26"]
[BlackClock "0:56:56"]

1. c4 c6 2. Nf3 d5 3. Qb3 {[%emt 0:00:05] Without a doubt this was a letdown for the
spectators. Aronian quickly went pawn hunting in a very strange opening but as
a result of this his position was completely tied down. Anand didn't have any
good break-through plans but he probably wasn't worried about any plans that
Aronian might have as the Armenian lacked space. An unusual repetition ensued
on move 15 and the game was drawn.} (3. d4 Nf6 4. e3 Bg4 5. Nc3 e6 6. h3 Bh5 7.
g4 Bg6 8. cxd5 Nxd5 9. Ne5 Bb4 10. Bd2 Nd7 11. Nxg6 hxg6 12. a3 Ba5 13. Bg2 g5
14. Qc2 Rc8 15. Rd1 Bc7 16. Ne2 Nf8 17. Qb3 Rb8 18. e4 Nf4 19. Bxf4 Bxf4 20. h4
e5 21. d5 Ng6 22. dxc6 Qa5+ 23. Nc3 O-O 24. cxb7 Qc7 25. Nd5 Qxb7 26. Qxb7 Rxb7
27. b4 gxh4 28. Bf1 Bg5 29. Rh3 Rd8 30. Bc4 Rbb8 31. Rhd3 Rdc8 32. Bb3 Rb7 {
Caruana,F (2782)-Anand,V (2773) Zuerich 2014 1/2-1/2}) 3... d4 $146 4. e3 c5 5. Qb5+ Nc6 6. Qxc5 e5 7. Qb5 a6 8. Qb3 Bc5 9. d3 Nf6 10. e4 O-O 11. Be2 Bb4+ 12. Nbd2 a5 13. O-O Nd7 14. Qd1 Bd6 15. Ne1 Nc5 16. Nb3 Na6 17. Nd2 Nc5 18. Nb3 Na6 19. Nd2 1/2-1/2

[Event "Candidates Tournament"]
[Site "Khanty-Mansiysk"]
[Date "2014.03.22"]
[Round "8"]
[White "Kramnik, Vladimir"]
[Black "Andreikin, Dmitry"]
[Result "1/2-1/2"]
[ECO "D15"]
[WhiteElo "2787"]
[BlackElo "2709"]
[Annotator "ChessBase Website"]
[PlyCount "64"]
[EventDate "2014.03.13"]
[EventType "tourn"]
[EventRounds "14"]
[EventCountry "RUS"]
[EventCategory "21"]
[SourceTitle "CBM 160"]
[Source "ChessBase"]
[SourceDate "2014.05.15"]
[SourceVersion "1"]
[SourceVersionDate "2014.05.15"]
[SourceQuality "1"]
[TimeControl "40/7200:20/3600:900+30"]
[WhiteClock "0:59:26"]
[BlackClock "0:56:56"]

1. d4 d5 2. c4 c6 3. Nf3 Nf6 4. Nc3 a6 5. g3 b5 6. b3 Bf5 {[%emt 0:05:56] Andreikin's treatment of the opening was ultra-solid.
His a6 Slav locked up the position quickly, but it made him very passive.
White's control of the c-file and his two bishops was simply not enough for
him to break through as Black lacked weaknesses while White had to contend
with his weak f3 and d4 pawns. Eventually Kramnik sacrificed one of these for
some activity, but it was only enough for a draw.} 7. Bg2 Ne4 8. Nxe4 $146 (8. Bd2 Nxc3 9. Bxc3 Be4 10. Qd2
e6 11. Ba5 Qd6 12. O-O Nd7 13. cxd5 Qxd5 14. Nh4 Bxg2 15. Nxg2 c5 16. Rad1 cxd4
17. Nf4 Qe4 18. Qxd4 Qxd4 19. Rxd4 Bc5 20. Rd2 Nf6 21. Nd3 Bd6 22. Rc1 O-O 23.
Rc6 Be7 24. Rdc2 h6 25. f3 Rfb8 26. e4 Bd8 27. Bd2 Bb6+ 28. Kf1 Kh7 29. Ke2 Kg8
30. g4 Nd7 31. h4 Bd8 32. Bf4 e5 33. Bxe5 Rb7 34. Rc8 Rxc8 35. Rxc8 {1-0 (35)
Sokolov,I (2657)-Simonian,H (2475) Cento 2011}) 8... Bxe4 9.
O-O Nd7 10. Ba3 g6 11. cxd5 cxd5 12. Qd2 Bg7 13. Rac1 O-O 14. Bh3 Bxf3 15. exf3 Re8 16. Rc6 e6 17. Rfc1 Qf6 18. Rc7 Nf8 19. Bc5 Qxf3 20. Rc3 Qh5 21. g4 Qh4 22. Qf4 f6 23. Be7 Qg5 24. Qg3 Qd2 25. g5 Qxg5 26.
Qxg5 fxg5 27. Bxg5 Bxd4 28. R3c6 a5 29. Bh6 b4 30. Kg2 a4 31.
bxa4 Rxa4 32. Bxf8 Rxf8 1/2-1/2

[Event "Candidates Tournament"]
[Site "Khanty-Mansiysk"]
[Date "2014.03.22"]
[Round "8"]
[White "Topalov, Veselin"]
[Black "Mamedyarov, Shakhriyar"]
[Result "1/2-1/2"]
[ECO "B90"]
[WhiteElo "2785"]
[BlackElo "2757"]
[Annotator "ChessBase Website"]
[PlyCount "64"]
[EventDate "2014.03.13"]
[EventType "tourn"]
[EventRounds "14"]
[EventCountry "RUS"]
[EventCategory "21"]
[SourceTitle "CBM 160"]
[Source "ChessBase"]
[SourceDate "2014.05.15"]
[SourceVersion "1"]
[SourceVersionDate "2014.05.15"]
[SourceQuality "1"]
[TimeControl "40/7200:20/3600:900+30"]
[WhiteClock "0:59:26"]
[BlackClock "0:56:56"]

1. e4 c5 2. Nf3 d6 3. d4 cxd4 4. Nxd4 Nf6 5. Nc3 a6 6. h3 g6 7. g4 Bg7 8. Bg2 O-O 9. Be3 Nc6 10. Qd2 Bd7 (10... Nxd4 11.
Bxd4 b5 12. Bxf6 exf6 13. O-O-O Be6 14. f4 Qa5 15. Kb1 f5 16. Nd5 Qxd2 17. Rxd2
fxg4 18. hxg4 Bxg4 19. Ne3 Bd7 20. Rxd6 Ra7 21. e5 Be6 22. Bd5 Re8 23. c4 Bf8
24. c5 h5 25. c6 Rc7 26. Bf3 Kg7 27. Rc1 h4 28. Bg4 Bxg4 29. Nxg4 Rec8 30. Rf6
Be7 31. a3 h3 32. Rc2 Rd8 33. Ka2 Rd3 34. f5 Rg3 35. Rd6 gxf5 36. Nf6 Bxf6 37.
Rxf6 Rg6 38. Rxf5 Rgxc6 39. Rg5+ Kf8 40. Rxc6 {Volokitin,A (2674)-Kotanjian,T 
(2531) Yerevan 2014 0-1}) 11. O-O-O Rc8 12.
f4 Na5 13. b3 Qc7 14. Nde2 b5 15. Nd5 $146 (15. Kb1 Be6 16. Nd5 Bxd5 17. exd5 Nb7 18. Bd4 Nc5 19. Ng3 e5 20. fxe5
dxe5 21. Bb2 Qd6 22. g5 Nfd7 23. h4 Nb6 24. Ne4 Nxe4 25. Bxe4 Nd7 26. h5 Nc5
27. Bf3 Rc7 28. Qh2 Rfc8 29. hxg6 hxg6 30. Bg4 Rb8 31. Rde1 Re7 32. Re3 Ree8
33. Rh3 Kf8 34. Rh7 {1-0 (34) Admiraal,M (2221)-Bosboom,M (2455) Haarlem 2010})
15... Nxd5 16. exd5 Rfe8 17.
Rhf1 e6 18. Rf2 {[%emt 0:05:19] An
interesting but short game. A double-edged Najdorf saw the Azeri player
sacrifice a piece for the initiative. Topalov saw nothing better than to
return it to force a queen exchange, but he did gain the slightest bit of
pressure against Black's pawns in the resulting endgame. However Black was
never in any real problems and the game resulted in a draw.} Nc4 19. bxc4 bxc4 20. Bd4 c3 21. Qxc3 Qxc3 22. Nxc3 Bxd4 23. Rxd4 Rxc3 24. dxe6 Rxe6 25. Rfd2 Rg3 26. Rxd6 Rxd6 27. Rxd6 Bxg4 28. hxg4 Rxg2 29. g5 Rf2 30. Rd4 f6 31. a4 fxg5 32. fxg5 Rf5 1/2-1/2

[Event "Candidates Tournament"]
[Site "Khanty-Mansiysk"]
[Date "2014.03.23"]
[Round "9"]
[White "Karjakin, Sergey"]
[Black "Kramnik, Vladimir"]
[Result "1-0"]
[ECO "D11"]
[WhiteElo "2766"]
[BlackElo "2787"]
[Annotator "ChessBase Website"]
[PlyCount "127"]
[EventDate "2014.03.13"]
[EventType "tourn"]
[EventRounds "14"]
[EventCountry "RUS"]
[EventCategory "21"]
[SourceTitle "CBM 160"]
[Source "ChessBase"]
[SourceDate "2014.05.15"]
[SourceVersion "1"]
[SourceVersionDate "2014.05.15"]
[SourceQuality "1"]
[TimeControl "40/7200:20/3600:900+30"]
[WhiteClock "0:59:26"]
[BlackClock "0:56:56"]

1. d4 Nf6 2. Nf3 d5 3. Bf4 c6 4. e3 Bg4 5. c4 Nbd7 6. Nc3 e6 7. Qb3 {[%emt 0:10:32] Karjakin played a
sideline against Kramnik, one that is seen very rarely at the top level. This
paid off very handsomely as Kramnik inexplicably blundered as soon as move
seven. 7...dxc4?? simply left him down a pawn and his position did not have
even the slightest bit of compensation. It is strange to think even what he
missed, as most of the lines were rather obvious.} dxc4 $2 $146 (7... Bxf3 8. gxf3 Qb6 9. c5 Qxb3 10. axb3 a6 11. b4 Rc8 12. Bg3 g6 13. Na2
Nh5 14. Nc1 Nxg3 15. hxg3 e5 16. Nb3 Bg7 17. Kd2 h5 18. Bd3 f5 19. f4 exd4 20.
Nxd4 Kf7 21. f3 Rce8 22. Rhg1 Rxe3 23. Kxe3 Re8+ 24. Kd2 Bxd4 25. Rge1 Rxe1 26.
Rxe1 Bf2 27. Ra1 Bxg3 28. Ke3 h4 29. b5 axb5 30. b4 h3 31. Bf1 h2 32. Bg2 Ke7
33. Ra7 Be1 34. Rxb7 Bxb4 35. Kf2 Bxc5+ 36. Kg3 Bg1 37. Kh4 {Eljanov,P (2716)
-Najer,E (2663) Netanya 2009 0-1}) 8. Qxb7 Bxf3 9. gxf3 Nd5 10. Bg3 N5b6 11. Qxc6 Bb4 12. Qb5 Qe7 13. a3 Bxc3+ 14. bxc3 O-O 15. Bxc4 Nxc4 16. Qxc4 Rac8 17. Qd3 Nb6 18. O-O Rc4 19. Rfb1 Rfc8 20. Rb3 h5 21. e4 Qg5 22. h4 Qa5 23. Rc1 Qa4 24. Qb1 Nd7 25. Kg2 Nf8 26. Qb2 Qe8 27. Rb7 a6 28. Qb6 Ng6 29. Qxa6 Qd8 30. Qb5 e5 31. Rh1 Rxc3 32. dxe5 Nf8 33. Qd5 Qe8 34. Ra1 Ne6 35. Qd7 Qf8 36. Qe7 Qxe7 37. Rxe7 {
[%emt 0:00:03] Karjakin made his win a lot harder than he should have,
eventually reaching a double rook endgame up two pawns that he had to figure
out how to win, but he managed in the end.} Nd4 38. a4 Nxf3 39. e6 fxe6 40. Rxe6 Nd4 41. Re5 Ne2 42. Rxh5 Nxg3 43. fxg3 Re3 44. a5 Rxe4 45. a6 Re7 46. Rb5 Kh7 47. Kh3 Ra8 48. Rb6 Raa7 49. Ra5 Re3 50. h5 Rd3 51. Kh4 Rd4+ 52. g4 Re4 53. Kg5 Rf7 54. Rg6 Ra7 55.
Kh4 Rb4 56. Rc6 Re4 57. Rb6 Re1 58. Ra4 Re3 59. g5 Ree7 60.
Rb8 g6 61. Rb6 gxh5 62. Rab4 Re1 63. Rb7+ Kg6 64. R4b6+ 1-0

[Event "Candidates Tournament"]
[Site "Khanty-Mansiysk"]
[Date "2014.03.25"]
[Round "10"]
[White "Karjakin, Sergey"]
[Black "Andreikin, Dmitry"]
[Result "1/2-1/2"]
[ECO "B46"]
[WhiteElo "2766"]
[BlackElo "2709"]
[Annotator "ChessBase Website"]
[PlyCount "58"]
[EventDate "2014.03.13"]
[EventType "tourn"]
[EventRounds "14"]
[EventCountry "RUS"]
[EventCategory "21"]
[SourceTitle "CBM 160"]
[Source "ChessBase"]
[SourceDate "2014.05.15"]
[SourceVersion "1"]
[SourceVersionDate "2014.05.15"]
[SourceQuality "1"]
[TimeControl "40/7200:20/3600:900+30"]
[WhiteClock "0:59:26"]
[BlackClock "0:56:56"]

1. e4 c5 2. Nf3 e6 3. d4 cxd4 4. Nxd4 Nc6 5. Nc3 a6 {[%emt 0:00:06] Karjakin's
approach to the Paulsen, which was basically trade all the pieces, didn't
promise him any advantage and the game quickly reached an equal endgame. It
wasn't a dead draw yet, ideas still existed for both sides, but neither tried
particularly hard.} 6. Nxc6 bxc6 7. Qd3 Qc7 8. Qg3 Qxg3 9. hxg3 d5 10. g4 Rb8 11. g5 f6 12. gxf6 Nxf6 13. e5 $146 (13. Bd3 Bd6 14. O-O
O-O 15. Re1 Bc5 16. exd5 cxd5 17. Na4 Bd6 18. b3 e5 19. f3 Bd7 20. Bd2 Rbc8 21.
Nb6 Bc5+ 22. Be3 Bxe3+ 23. Rxe3 Rc6 24. Nxd7 Nxd7 25. c4 d4 26. Re2 a5 27. Be4
Rc7 28. Bd5+ Kh8 29. a3 h6 30. b4 axb4 31. axb4 Nb6 32. Rxe5 {1/2-1/2 (32)
Karjakin,S (2721)-Mamedyarov,S (2725) Baku 2009}) 13... Nd7 14. f4 Nc5 15. Rh3 a5 16. b3 Ba6 17. Bxa6 Nxa6 18. Na4 Rb4 19.
Bd2 Re4+ 20. Kf1 Bb4 21. c3 Ba3 22. Re1 Rxe1+ 23. Kxe1 O-O 24. Ke2 h6 25. Rg3 Kf7 26. Rh3 Kg6 27. Rg3+ Kf7 28. Rh3 Kg6 29. Rg3+ Kf7 1/2-1/2

[Event "Candidates Tournament"]
[Site "Khanty-Mansiysk"]
[Date "2014.03.26"]
[Round "11"]
[White "Kramnik, Vladimir"]
[Black "Anand, Viswanathan"]
[Result "1/2-1/2"]
[ECO "E05"]
[WhiteElo "2787"]
[BlackElo "2770"]
[Annotator "Marin,M"]
[PlyCount "61"]
[EventDate "2014.03.13"]
[EventType "tourn"]
[EventRounds "14"]
[EventCountry "RUS"]
[EventCategory "21"]
[SourceTitle "CBM 160"]
[Source "ChessBase"]
[SourceDate "2014.05.15"]
[SourceVersion "1"]
[SourceVersionDate "2014.05.15"]
[SourceQuality "1"]
[TimeControl "40/7200:20/3600:900+30"]
[WhiteClock "0:59:26"]
[BlackClock "0:56:56"]

1. d4 Nf6 2. c4 e6 3. Nf3 d5 4. g3 Be7 5. Bg2 O-O 6. O-O dxc4 7. Ne5 Nc6 8.
Bxc6 bxc6 9. Nxc6 Qe8 10. Nxe7+ Qxe7 11. Na3 {
[%emt 0:00:14] This way of developing the knight to retrieve the pawn is
common in the Catalan, but mainly in positions where ...Bxa3 is possible.
Curiously, in this position, in which there is no black dark-squared bishop
anymore, it is quite rare.} (11. Qc2 {Kramnik,V (2810)-Carlsen,M (2872) London
2013 (1/2-1/2, 41)}) 11... c5 {[%emt 0:13:40] Taking into account the surprise,
Anand played relatively fast, after less than a quarter of an hour. Back
immediately gets rid of his backward pawn.} (11... Rd8 {is a logical
alternative, but it offers White chances to retain the better striucture while
more or less neutralising Black's play on the light squares.} 12. Qc2 Ba6 (
12... Rxd4 13. Be3 Rd5 14. Nxc4 ) 13. Nxc4 Rxd4 14. Ne5 Rd5
(14... Bb7 15. Nc6 Bxc6 16. Qxc6 $14) 15. Qc6 Rad8 16. Qxa6 $14) 12. dxc5 Qxc5 13. Be3 Qh5 {[%emt 0:16:
39] Played after 16 minutes. Black had a relatively wide choice, indeed.} (
13... Qc7 14. Rc1 Ba6 15. Qa4 Qb7 16. Nxc4 Bxc4 17. Qxc4 Qxb2 18. Bd4 $14) (
13... Qc6 14. Rc1 Ba6 15. Nxc4 Bxc4 16. b3 Bxb3 17. Rxc6 Bxd1 18. Rxd1 $14) (
13... Qb4 $5 {Omelka,R (2115)-Dobes,V (2061) Czechia 2011 (1/2-1/2, 40)}) 14.
f3 (14. Nxc4 Ba6 15. b3 Ng4 16. h4 Nxe3 17. fxe3 Rad8 18. Qc2
Bb7 $36) 14... c3 $1 {[%emt 0:05:48][%csl Ra3] The point of the previous move.
It is not really unusual for Black to have a pawn less in the 7.Ne5 variation.
Due to the somewhat awkward position of the a3-knight and the vulnerable
c-pawn, Black has good chances of maintaining aproximate equality by dynamic
means. Compare also with c5-c6 from Karjakin-Anand.} 15. bxc3 Qa5 16. Qc1 Ba6 17. c4 Rac8 {[%emt 0:03:12] (!!) Choosing the
right rook for a certain file is one of the most difficult issues in chess.
Anand rightly decides that he will need the other rook on the d-file. And
remarkably, he used only 3 minutes on his last move, although it leaves the
a7-pawn undefended!} (17... Rfc8 {would offer White chances to keep his extra
pawn and a relatively active position.} 18. Rd1 Nd5 19. Rd4 Rc6 20. Kg2 Rac8
21. Bd2 Qb6 22. Rh4 $14) 18. Bxa7 $11 {[%emt 0:26:34] After nearly half an
hour, Kramnik decides to liquidate into a draw.} ({After} 18. Rd1 Nd5 19. Rd4 {
the difference is revealed by} Rfd8 $1 {The latent pressure on the d-file
restricts White's active possibilities.} 20. Bf2 (20. Kg2 $4 Nxe3+ 21. Qxe3
Rxd4 22. Qxd4 Qxa3 $19) (20. Rd3 $5 Nxe3 21. Rxd8+ Rxd8 22. Qxe3 Rd2) 20... h6
$5 {Just a useful waiting move. For instance,} 21. Kg2 {would expose the king
slightly, adding effect to} e5 {(again, this would not be possible without a
rook on d8).} 22. Rd3 e4 $132) 18... Bxc4 19. Nxc4 Qxa7+ 20. Qe3 Qa6 21. Ne5 {[%emt 0:08:06] Two rounds later, in the aforementioned game with
Karjakin, Anand once again got a position in which White's extra a2-pawn was
not too relevant. Only that here it will liquidate rather soon into a 0.00
position.} Rc2 22. Nd3 Nd5 23. Qf2 Rxa2 24. Rxa2 Qxa2 25. e4 Qa3 26. exd5 Qxd3 27. dxe6 fxe6 28. Qe1 Qd5 29. Qe3 h6 30. Re1 Rxf3 31. Qxe6+ 1/2-1/2

[Event "Candidates Tournament"]
[Site "Khanty-Mansiysk"]
[Date "2014.03.26"]
[Round "11"]
[White "Svidler, Peter"]
[Black "Aronian, Levon"]
[Result "1/2-1/2"]
[ECO "A11"]
[WhiteElo "2758"]
[BlackElo "2830"]
[Annotator "ChessBase Website"]
[PlyCount "65"]
[EventDate "2014.03.13"]
[EventType "tourn"]
[EventRounds "14"]
[EventCountry "RUS"]
[EventCategory "21"]
[SourceTitle "CBM 160"]
[Source "ChessBase"]
[SourceDate "2014.05.15"]
[SourceVersion "1"]
[SourceVersionDate "2014.05.15"]
[SourceQuality "1"]
[TimeControl "40/7200:20/3600:900+30"]
[WhiteClock "0:59:26"]
[BlackClock "0:56:56"]

1. Nf3 d5 2. g3 Bg4 3. Bg2 e6 4. c4 c6 5. cxd5 Bxf3 {[%emt 0:00:40]
Svidler's Reti set-up was anything but dangerous to Aronian. Using a well
known plan to gift the pair of bishops in return for a symmetrical position
with no weaknesses Aronian was able to hold equality with almost no problems.
Only one open file meant that all the major pieces were traded off on the c1
square and the ensuing endgame with two bishops against a knight and a bishop
gave just a symbolic advantage to the Russian player who decided not to press
the issue too much.} 6. Bxf3 cxd5 7. O-O Nf6 8. Nc3 Nc6 9. d4 Be7 10. e3 O-O 11. Bd2 Qd7 12. Rc1 $146 (12. Qe2 Rac8 13. Bg2 Bb4 14. Rfc1 Na5 15. a3 Bxc3 16. Rxc3
Rxc3 17. Bxc3 Nb3 18. Rd1 a5 19. f3 b5 20. Bf1 Rb8 21. Qc2 a4 22. Bb4 Ne8 23.
Rd3 g6 24. Rc3 Kg7 25. Rc6 Qd8 26. Kg2 Na5 27. Rc5 Nd6 28. Qc3 Nac4 29. Kf2 Qf6
30. Bd3 Nf5 31. Bxc4 bxc4 32. Ra5 g5 33. Kg2 Qg6 34. Rxa4 g4 35. f4 Nxe3+ 36.
Qxe3 Qc2+ 37. Kg1 Qxa4 38. Qe5+ f6 39. Qxb8 Qd1+ 40. Kg2 Qc2+ 41. Kg1 Qb1+ {
Neckar,L (2337)-Tichy,V (2260) Czechia 2010 1/2-1/2}) 12... Rfc8 13. Bg2 Ne8 14. Qe2 Nd6 15. Rfd1 Bd8 16. Be1 Ne7 17. b3 Rc6 {[%emt 0:19:
43][%cal Ga8c8] Svidler was probably not too happy with Aronian's ultra solid
choice} 18. Na4 Rac8 19. Nc5 Qe8 20. Qb2 R6c7 21. a4 Nc6 22. b4 Nb8 23. b5 {[%emt 0:06:44] He pushed all his queenside pawns, but even that
expansion didn't amount to any advantage} Be7 24. Qb1 Nd7 25. Nd3 Rxc1 26. Rxc1 Rxc1 27. Qxc1 Nb6 28. Qd1 Qc8 29. Bf1 Bf8 30. Ne5 Nbc4 31. Nxc4 Nxc4 32. Qc2 Nb6 33. Qxc8 1/2-1/2